 Dungeon Crawl Stone Soup version 0.20-a0-1109-ge3cd172 (webtiles) character file.

65 graki42 the Skirmisher (level 4, 29/29 HPs)
             Began as a Gargoyle Berserker on May 5, 2017.
             Was an Initiate of Nemelex Xobeh.
             Quit the game on level 2 of the Dungeon.
             The game lasted 00:02:13 (970 turns).

graki42 the Skirmisher (Gargoyle Berserker)          Turns: 970, Time: 00:02:14

Health: 29/29      AC: 10    Str: 21    XL:     4   Next: 13%
Magic:  4/4        EV: 10    Int:  8    God:    Nemelex Xobeh [......]
Gold:   79         SH:  0    Dex:  9    Spells: 3/3 levels left

rFire    . . .     SeeInvis .   a - +0 mace
rCold    . . .     Gourm    .   (no shield)
rNeg     + . .     Faith    .   f - +0 scale mail
rPois    ∞         Spirit   .   (no helmet)
rElec    +         Reflect  .   (no cloak)
rCorr    .         Harm     .   (no gloves)
MR       .....                  (no boots)
Stlth    ..........             (no amulet)
Regen    0.1/turn               (no ring)
MPRegen  0.1/turn               (no ring)

@: no status effects
A: negative energy resistance 1, electricity resistance, unbreathing,
petrification resistance, rot immunity, AC +3
a: Renounce Religion


You were on level 2 of the Dungeon.
You worshipped Nemelex Xobeh.
Nemelex Xobeh was noncommittal.
You were not hungry.

You visited 1 branch of the dungeon, and saw 2 of its levels.

You collected 79 gold pieces.

Inventory:

Hand Weapons
 a - a +0 mace (weapon)
Armour
 f - a +0 scale mail (worn)
Scrolls
 g - a scroll of fog {unknown}
 h - 2 scrolls of enchant weapon {unknown}
Potions
 b - 2 potions of agility {unknown}
 d - 2 potions of magic {unknown}
 e - a potion of curing {unknown}
 i - a potion of flight {unknown}
 j - a potion of mutation {unknown}
Comestibles
 c - 2 bread rations
 k - a meat ration


   Skills:
 + Level 4.0 Fighting
 + Level 3.8 Maces & Flails
 + Level 2.8 Armour
 + Level 1.9 Dodging


You had 3 spell levels left.
You didn't know any spells.

Dungeon Overview and Level Annotations

Branches:
Dungeon (2/15)

Altars:
Cheibriados
Elyvilon
Nemelex Xobeh


Innate Abilities, Weirdness & Mutations

You are resistant to torment.
Your stone body is resilient. (AC +3)
You are immune to poison.
You resist negative energy. (rN+)
You are resistant to electric shocks. (rElec)
You can survive without breathing.
You are immune to petrification.
You are immune to rotting.


Message History

You hit the dart slug.
The dart slug is severely wounded.
You hit the dart slug.
You kill the dart slug!
Trog accepts your kill.
No target in view!
No target in view!
No target in view!
No target in view!
No target in view!
No target in view!
No target in view!
There is a sparkling altar of Nemelex Xobeh here.
You kneel at the altar of Nemelex Xobeh.
You have lost your religion!
Trog does not appreciate desertion!
Nemelex Xobeh welcomes you!
Search for what [? for help]? yes Can't find anything matching that.
Are you sure you want to abandon this character and quit the game? (Confirm with "yes".)

#.#.## ##..## ####..##.>..#
#....####..#####8###.....########
#.......+..#...#_≈≈##............
#....####.....##..≈≈##...########
#.#.## ##..####...≈≈#..## #.#####
#.## #8_....'..## ......#
#..####...≈≈#...# #.###.##
#....##..≈≈##...# #......#
#.#...#@≈≈##....# #......#
#.#####8###..#..# #......###..##
####..##..#
##.....#.....####........#
##.....#.##....[.....##.##
####..##.##..........##.#
......##.##.#.#..###.##.#
####........#.#.........#
#####.####.#.)###.####


There were no monsters in sight!

Vanquished Creatures
  Jessica (D:2)
  An adder (D:2)
  2 dart slugs
  A giant cockroach (D:1)
  3 hobgoblins (D:1)
  A jackal (D:1)
  3 kobolds
  4 bats (D:1)
  2 frilled lizards
  4 goblins
  6 rats
28 creatures vanquished.

Notes
Turn   | Place    | Note
-------+----------+-------------------------------------------
     0 | D:1      | graki42 the Gargoyle Berserker began the quest for the Orb.
     0 | D:1      | Reached XP level 1. HP: 14/14 MP: 1/1
    68 | D:1      | Reached XP level 2. HP: 14/19 MP: 2/2
   549 | D:1      | Reached XP level 3. HP: 23/24 MP: 3/3
   649 | D:2      | Reached ** piety under Trog
   862 | D:2      | Noticed Jessica
   864 | D:2      | Killed Jessica
   864 | D:2      | Reached skill level 4 in Fighting
   864 | D:2      | Reached XP level 4. HP: 21/29 MP: 4/4
   959 | D:2      | Found a white marble altar of Elyvilon.
   959 | D:2      | Found a sparkling altar of Nemelex Xobeh.
   960 | D:2      | Found a snail-covered altar of Cheibriados.
   969 | D:2      | Fell from the grace of Trog
   969 | D:2      | Became a worshipper of Nemelex Xobeh the Trickster
   970 | D:2      | Quit the game

Vault maps used:
D:1:      eino_arrival_druids_welcome, serial_bayou_lagoon_b
D:2:      gammafunk_temple_overflow_claw, eat_drink_and_be_merry_uskayaw,
          first_bread, minmay_statues_item, uniq_jessica,
          uniq_crazy_yiuf_cottage

Skill      XL: |  1  2  3 |
---------------+----------+-----
Fighting       | 4 |  4.0
Maces & Flails | |  3.8
Armour         | |  2.8
Dodging        | |  1.9

Action                   |  1- 3 |  4- 6 || total
-------------------------+-------+-------++-------
Melee: Mace              |    64 |     2 ||    66
Armor: Animal skin       |     5 |       ||     5
       Scale mail        |    27 |     1 ||    28
Dodge: Dodged            |    35 |       ||    35
